[Event "Titled Tuesday Blitz February 28 Early 2023"]
[White "Dehtiarov, Roman"]
[Black "Kanyamarala, Trisha"]
[WhiteFideId "14186640"]
[BlackFideId "45004722"]
[WhiteElo "2162"]
[BlackElo "2062"]
[Result "1-0"]
[Round "02"]
[TimeControl "180+2"]
[Date "2023.02.28"]
[WhiteClock "0:02:19"]
[BlackClock "0:01:58"]

1. e4 c5 2. Nc3 d6 3. f4 Nc6 4. Nf3 g6 5. Bb5 Bg7 6. Bxc6+ bxc6 7. O-O Nf6 8. d3 O-O 9. Qe1 a5 10. b3 Ba6 11. Bd2 Re8 12. Rd1 Rb8 13. Na4 Nd7 14. Bxa5 Qc8 15. c4 e6 16. Bc3 Bh6 17. Qh4 Bf8 18. f5 d5 19. fxe6 fxe6 20. Ng5 h6 21. Nf7 d4 22. Nxh6+ Bxh6 23. Qxh6 Ne5 24. Bd2 Qc7 25. Bf4 Ng4 26. Bxc7 Nxh6 27. Bxb8 Rxb8 28. Nxc5 Bc8 29. Rf3 Ra8 30. Rdf1 Ba6 31. Nxe6 Re8 32. Rf8+ 1-0


[Site "https://www.chess.com"]

[Event "Titled Tuesday Blitz February 28 Early 2023"]
[White "Barrientos, Sergio E"]
[Black "Vaglio Munoz, Jaime"]
[WhiteFideId "4401824"]
[BlackFideId "6500145"]
[WhiteElo "2408"]
[BlackElo "2199"]
[Result "1-0"]
[Round "02"]
[TimeControl "180+2"]
[Date "2023.02.28"]
[WhiteClock "0:01:44"]
[BlackClock "0:02:02"]

1. d4 e6 2. e4 d5 3. Nc3 dxe4 4. Nxe4 Nf6 5. Nxf6+ Qxf6 6. Nf3 h6 7. Bd3 Nc6 8. O-O Bd6 9. c3 O-O 10. Re1 e5 11. dxe5 Nxe5 12. Nxe5 Bxe5 13. Qh5 Re8 14. Be3 Bd7 15. Rad1 Bc6 16. Bc2 Bf4 17. Bd4 Qg5 18. Qxg5 hxg5 19. f3 b6 20. g3 Bd6 21. Kf2 Rxe1 22. Rxe1 Bd5 23. a3 a5 24. Rd1 Bc6 25. Bxb6 Bxg3+ 26. hxg3 cxb6 27. Rd6 Rc8 28. Bf5 Rc7 29. Rd8+ 1-0


[Site "https://www.chess.com"]

[Event "Titled Tuesday Blitz February 28 Early 2023"]
[White "Valle Maytin, Luis Enrique"]
[Black "Averjanov, Alexey"]
[WhiteFideId "3503666"]
[BlackFideId "14109867"]
[WhiteElo "2225"]
[BlackElo "2647"]
[Result "0-1"]
[Round "02"]
[TimeControl "180+2"]
[Date "2023.02.28"]
[WhiteClock "0:00:01"]
[BlackClock "0:00:03"]

1. e4 c6 2. d4 d5 3. e5 Bf5 4. g4 Be4 5. f3 Bg6 6. e6 Qd6 7. exf7+ Kxf7 8. Ne2 Nd7 9. Nbc3 e5 10. Bg2 Re8 11. dxe5 Nxe5 12. O-O Nf6 13. Bf4 Qc5+ 14. Kh1 Bd6 15. Bg3 Rhf8 16. a3 Kg8 17. Bf2 Qa5 18. b4 Qc7 19. Bg3 Nc4 20. Bxd6 Qxd6 21. Ng3 Ne3 22. Qd2 Nxf1 23. Rxf1 Nd7 24. f4 Nb6 25. f5 Bf7 26. g5 Nc4 27. Qd4 Ne3 28. Nce4 Qe5 29. Qxe3 dxe4 30. f6 Bd5 31. Rf5 Qe6 32. h4 gxf6 33. Kh2 fxg5 34. Rxg5+ Kh8 35. Nh5 Qd6+ 36. Kh1 Re5 37. Qd4 Re8 38. c4 Qe7 39. cxd5 cxd5 40. Rg4 e3 41. Bf3 Rg8 42. Be2 Rxg4 43. Qxg4 Re4 44. Qc8+ Qe8 45. Qf5 Rxh4+ 46. Kg1 Qg6+ 47. Qxg6 hxg6 48. Nf6 d4 49. Nd5 Kg7 50. Kg2 b6 51. Kg3 Rh1 52. Nf4 Kf6 53. Bf3 Ra1 54. Ne2 d3 55. Nf4 d2 56. Nd5+ Ke5 57. Nxe3 Re1 58. Kf2 Ra1 0-1


[Site "https://www.chess.com"]

[Event "Titled Tuesday Blitz February 28 Early 2023"]
[White "Sadykov, Ramil"]
[Black "Andreev, Konstantin"]
[WhiteFideId "24113590"]
[BlackFideId "24239305"]
[WhiteElo "2245"]
[BlackElo "2106"]
[Result "1-0"]
[Round "02"]
[TimeControl "180+2"]
[Date "2023.02.28"]
[WhiteClock "0:00:04"]
[BlackClock "0:00:23"]

1. d4 Nf6 2. Nc3 e6 3. Bf4 d5 4. e3 a6 5. g4 c5 6. g5 Nfd7 7. h4 Nc6 8. Nf3 b5 9. h5 Bb7 10. Ne2 Be7 11. Bh3 Qb6 12. c3 O-O-O 13. a4 b4 14. dxc5 Bxc5 15. cxb4 Bxb4+ 16. Kf1 Rhe8 17. Rc1 Nc5 18. Ned4 f6 19. Rxc5 Bxc5 20. Nxe6 Rd7 21. Nxg7 Rf8 22. g6 hxg6 23. hxg6 d4 24. Ne6 Rg8 25. g7 Ne5 26. Bxe5 fxe5 27. Nxe5 Bxh1 28. Nxd7 Kxd7 29. Nxc5+ Kc7 30. Qxd4 Qd6 31. Ne6+ Kd7 32. Nf4+ Kc7 33. Qxd6+ Kxd6 34. Nh5 Bf3 35. Nf6 Bd5 36. Nxg8 Bxg8 37. Bf5 Kc5 38. a5 Kb5 39. Bd3+ Kxa5 40. f4 Kb6 41. f5 a5 42. f6 Kc5 43. Bg6 Kb4 44. f7 1-0


[Site "https://www.chess.com"]

[Event "Titled Tuesday Blitz February 28 Early 2023"]
[White "Vasques, Antonio Pedro Freixial"]
[Black "Issani, Nameer"]
[WhiteFideId "1908332"]
[BlackFideId "2619130"]
[WhiteElo "2212"]
[BlackElo "2622"]
[Result "0-1"]
[Round "02"]
[TimeControl "180+2"]
[Date "2023.02.28"]
[WhiteClock "0:00:18"]
[BlackClock "0:01:27"]

1. e4 e5 2. Nf3 Nc6 3. Bc4 Bc5 4. O-O Nf6 5. d4 Bxd4 6. Nxd4 Nxd4 7. Bg5 d6 8. f4 Ne6 9. Bxe6 Bxe6 10. fxe5 dxe5 11. Nc3 Qd4+ 12. Qxd4 exd4 13. Nb5 O-O-O 14. e5 Rd5 15. Nxd4 Rxe5 16. Bxf6 gxf6 17. Rxf6 Bd5 18. Raf1 Rhe8 19. b3 a6 20. c4 Be4 21. Rxf7 Rd8 22. Nf3 Ree8 23. Ng5 Bc6 24. h3 Rd2 25. R1f2 Rd1+ 26. Kh2 Kb8 27. Nxh7 Ree1 28. Kg3 Re3+ 29. Kh2 Ree1 30. Ng5 Rh1+ 31. Kg3 Rd3+ 32. Nf3 Rc1 33. Rd2 Re3 34. h4 Rh1 35. Rh7 Re4 36. Rd8+ Ka7 37. Rxc7 Re2 38. Rf8 Kb6 39. Rg7 Ra1 40. Rf6 Raxa2 41. Kf4 Rab2 42. h5 Re1 43. h6 Rh1 44. h7 Rxb3 45. g3 Rxf3+ 46. Kg5 Rxg3+ 47. Kf4 Rxg7 0-1


[Site "https://www.chess.com"]

[Event "Titled Tuesday Blitz February 28 Early 2023"]
[White "Mustafayev, Farid"]
[Black "Carrasco Miranda, Andres"]
[WhiteFideId "13408771"]
[BlackFideId "3405990"]
[WhiteElo "2317"]
[BlackElo "2183"]
[Result "1-0"]
[Round "02"]
[TimeControl "180+2"]
[Date "2023.02.28"]
[WhiteClock "0:01:04"]
[BlackClock "0:00:06"]

1. Nf3 Nf6 2. g3 g6 3. Bg2 Bg7 4. c4 O-O 5. Nc3 d6 6. d4 Nc6 7. O-O a6 8. b3 Bf5 9. Bb2 Ne4 10. Nxe4 Bxe4 11. Qd2 e5 12. d5 Ne7 13. Qe3 Bxf3 14. Bxf3 Nf5 15. Qd2 Nd4 16. Bg2 c5 17. dxc6 Nxc6 18. e3 Qe7 19. Rad1 Rad8 20. Ba3 Qe6 21. Bxd6 e4 22. c5 Be5 23. Qc2 Bxd6 24. cxd6 Rfe8 25. Qc5 f5 26. Rd5 Rd7 27. Rfd1 Red8 28. Bf1 Kg7 29. Bc4 Qf6 30. Bxa6 bxa6 31. Qxc6 h5 32. Qc4 h4 33. Qd4 h3 34. f3 exf3 35. Kf2 Qxd4 36. R1xd4 Kf6 37. Kxf3 Ke6 38. Kf4 Kf6 39. g4 Rh8 40. gxf5 g5+ 41. Kg3 Re8 42. e4 Rc8 43. Kg4 Rc3 44. e5+ Kg7 45. e6 Rd8 46. e7 Rh8 47. Kxg5 Rc2 48. d7 Rg2+ 49. Kf4 Kf6 50. d8=Q Rh4+ 51. Kf3 1-0


[Site "https://www.chess.com"]

[Event "Titled Tuesday Blitz February 28 Early 2023"]
[White "Priasmoro, Novendra"]
[Black "Mushini Ajay"]
[WhiteFideId "7105029"]
[BlackFideId "35066188"]
[WhiteElo "2412"]
[BlackElo "2145"]
[Result "1-0"]
[Round "02"]
[TimeControl "180+2"]
[Date "2023.02.28"]
[WhiteClock "0:00:19"]
[BlackClock "0:00:08"]

1. e4 c5 2. Nf3 d6 3. Bb5+ Nd7 4. d4 cxd4 5. Qxd4 a6 6. Bxd7+ Bxd7 7. Nc3 e5 8. Qd3 h6 9. Be3 Nf6 10. Nd2 b5 11. O-O Be7 12. b4 O-O 13. a4 Rc8 14. axb5 axb5 15. Ra7 d5 16. Nxd5 Nxd5 17. Qxd5 Be6 18. Qxb5 Rxc2 19. Qb7 Bg5 20. Bxg5 Qxg5 21. Nf3 Qf4 22. Ra5 Bc4 23. Re1 Be2 24. Nxe5 Ba6 25. Qb6 Re8 26. g3 Qd2 27. Qe3 Qxb4 28. Rxa6 Rxe5 29. Ra8+ Kh7 30. h4 f5 31. Rd1 Rxe4 32. Qf3 Re1+ 33. Kh2 Rf1 34. Qxf5+ g6 35. Qf7# 1-0


[Site "https://www.chess.com"]

[Event "Titled Tuesday Blitz February 28 Early 2023"]
[White "Veiga, Jose Francisco R P Neves"]
[Black "Fernandez Garcia, Gumersindo"]
[WhiteFideId "1930087"]
[BlackFideId "24516740"]
[WhiteElo "2320"]
[BlackElo "2093"]
[Result "1-0"]
[Round "02"]
[TimeControl "180+2"]
[Date "2023.02.28"]
[WhiteClock "0:00:07"]
[BlackClock "0:00:18"]

1. d4 Nf6 2. Nf3 e6 3. Bf4 c5 4. e3 b6 5. Nbd2 Bb7 6. c3 d5 7. Bd3 Be7 8. O-O O-O 9. Ne5 Nbd7 10. Bg3 Ne4 11. Bxe4 dxe4 12. Ndc4 b5 13. Nxd7 Qxd7 14. Ne5 Qc8 15. h4 f5 16. h5 Bd5 17. Qe2 Qb7 18. b3 cxd4 19. cxd4 Rac8 20. Rfc1 Ba3 21. Rxc8 Rxc8 22. Bf4 a6 23. g4 Rc3 24. Qf1 Qc8 25. Qh3 Bf8 26. Kg2 Rc2 27. gxf5 exf5 28. Qg3 Qc3 29. Rh1 Rxa2 30. h6 g6 31. Nxg6 hxg6 32. Qxg6+ Kh8 33. Be5+ 1-0


[Site "https://www.chess.com"]

[Event "Titled Tuesday Blitz February 28 Early 2023"]
[White "Shapiro, Viktor"]
[Black "Rian, Kapriaga"]
[WhiteFideId "4175700"]
[BlackFideId "7103263"]
[WhiteElo "2132"]
[BlackElo "2367"]
[Result "1-0"]
[Round "02"]
[TimeControl "180+2"]
[Date "2023.02.28"]
[WhiteClock "0:00:27"]
[BlackClock "0:00:01"]

1. c4 e6 2. Nc3 d5 3. d4 Bb4 4. Nf3 Nf6 5. Bg5 h6 6. Bh4 Nbd7 7. e3 c5 8. cxd5 cxd4 9. Qxd4 Bc5 10. Qd2 exd5 11. Be2 O-O 12. O-O Qa5 13. Nxd5 Qxd2 14. Nxf6+ Nxf6 15. Nxd2 Be6 16. Bf3 Nd5 17. Nb3 Bb6 18. Rfd1 Nb4 19. Be7 Nxa2 20. Nd4 Rfe8 21. Ba3 Bxd4 22. Rxd4 Rab8 23. Bd6 Rbc8 24. Bxb7 Rc1+ 25. Rxc1 Nxc1 26. Rd1 Nb3 27. Ba3 Na5 28. Bf3 Rb8 29. Bc5 Rxb2 30. Bxa7 Nc4 31. Bd4 Ra2 32. h3 Nd2 33. Be2 Nb3 34. Bf1 Nd2 35. Bd3 Nb3 36. Be5 f6 37. Bd6 Kf7 38. g4 Ra6 39. Bg3 Ra2 40. Be4 Rd2 41. Rb1 Ra2 42. Bg2 Ra7 43. Rd1 Rd7 44. Rxd7+ Bxd7 45. Bd5+ Be6 46. Be4 g5 47. f4 Nd2 48. Bg2 Nc4 49. Kf2 gxf4 50. exf4 Ke7 51. f5 Bf7 52. Bf3 1-0


[Site "https://www.chess.com"]

[Event "Titled Tuesday Blitz February 28 Early 2023"]
[White "Khumalo, Keith"]
[Black "Todorovic, Bojan"]
[WhiteFideId "14319470"]
[BlackFideId "917087"]
[WhiteElo "2056"]
[BlackElo "2266"]
[Result "1-0"]
[Round "02"]
[TimeControl "180+2"]
[Date "2023.02.28"]
[WhiteClock "0:01:05"]
[BlackClock "0:00:02"]

1. d4 Nf6 2. c4 g6 3. Nc3 Bg7 4. e4 d6 5. Bd3 O-O 6. Nge2 Nc6 7. O-O Nd7 8. Be3 e5 9. d5 Nd4 10. Nb5 Nxe2+ 11. Qxe2 Nc5 12. Bb1 f5 13. exf5 gxf5 14. f4 e4 15. Nd4 a5 16. Bc2 Bd7 17. Rab1 Kh8 18. b3 Qf6 19. a3 Qg6 20. b4 axb4 21. axb4 Na4 22. Qd2 c5 23. dxc6 bxc6 24. Ne2 Nb2 25. Bb3 Nd3 26. Nc1 Nxc1 27. Rbxc1 Ra3 28. Rb1 Be6 29. Qxd6 Rxb3 30. Rxb3 Bxc4 31. Qxg6 hxg6 32. Ra3 Bxf1 33. Kxf1 Rb8 34. Bc5 Bf8 35. Ra6 Bxc5 36. bxc5 Rb1+ 37. Kf2 Rb2+ 38. Kg3 Rb3+ 39. Kh4 Kg7 40. Rxc6 Kh6 41. h3 e3 42. Re6 Rc3 43. c6 1-0


[Site "https://www.chess.com"]

[Event "Titled Tuesday Blitz February 28 Early 2023"]
[White "Van Dael, Siem"]
[Black "Williams, Simon K"]
[WhiteFideId "1049771"]
[BlackFideId "404454"]
[WhiteElo "2336"]
[BlackElo "2468"]
[Result "1-0"]
[Round "02"]
[TimeControl "180+2"]
[Date "2023.02.28"]
[WhiteClock "0:00:03"]
[BlackClock "0:00:02"]

1. h4 e5 2. c4 Nc6 3. Nc3 f5 4. b3 Nf6 5. Bb2 Bc5 6. e3 O-O 7. Nf3 e4 8. Ng5 Ne5 9. Nd5 d6 10. b4 Nxd5 11. bxc5 Nb4 12. Bxe5 dxe5 13. Qb3 Na6 14. Qc3 Qe7 15. c6 Nc5 16. cxb7 Bxb7 17. Be2 h6 18. Nh3 Rad8 19. Rb1 Bc6 20. O-O f4 21. Rb5 Bxb5 22. cxb5 f3 23. Bc4+ Kh8 24. g3 g5 25. Kh2 g4 26. Nf4 Kh7 27. Nd5 Qd6 28. d4 exd3 29. e4 Kg7 30. Bxd3 Ne6 31. Bc4 Nd4 32. Rd1 Rf7 33. Rxd4 exd4 34. Qxd4+ Kg6 35. Qd3 Qe5 36. Qe3 h5 37. Nf4+ Kh7 38. Bxf7 Qd4 39. Bg6+ Kh8 40. Qxd4+ Rxd4 41. Bxh5 Rd2 42. Bxg4 Rxf2+ 43. Kg1 Rxa2 44. Bxf3 Rb2 45. Be2 Rb4 46. Bd3 Rb3 47. e5 Kg7 48. e6 Kf6 49. Kf2 Rb2+ 50. Ke3 Rb4 51. Nd5+ 1-0


[Site "https://www.chess.com"]

[Event "Titled Tuesday Blitz February 28 Early 2023"]
[White "Ansh M Shah"]
[Black "Sai Han Thiha"]
[WhiteFideId "25033379"]
[BlackFideId "13012290"]
[WhiteElo "2084"]
[BlackElo "1954"]
[Result "0-1"]
[Round "02"]
[TimeControl "180+2"]
[Date "2023.02.28"]
[WhiteClock "0:00:07"]
[BlackClock "0:00:12"]

1. d4 Nf6 2. c4 e6 3. g3 d5 4. Bg2 dxc4 5. Nf3 c5 6. O-O Nc6 7. dxc5 Qxd1 8. Rxd1 Bxc5 9. Nbd2 c3 10. bxc3 O-O 11. Nb3 Be7 12. c4 Bd7 13. Nfd4 Rac8 14. Nb5 Rfd8 15. Bb2 b6 16. Rac1 Be8 17. Bxc6 Rxd1+ 18. Rxd1 Rxc6 19. Nxa7 Rxc4 20. Nb5 Rc2 21. Bxf6 gxf6 22. Nd6 Ba4 23. Rd3 Rxa2 24. Nc8 Bc5 25. Nxc5 bxc5 26. Rc3 Rc2 27. Rxc2 Bxc2 28. Kf1 Kf8 29. Ke1 Be4 30. Kd2 Bb7 31. Nd6 Bd5 32. Nb5 Ke7 33. Kc3 f5 34. f4 Kd7 35. Na3 Kc6 36. Nc2 f6 37. e3 Be4 38. Na3 Kd5 39. Nc4 Kc6 40. Nd2 h6 41. Kc4 Bd5+ 42. Kc3 Kb5 43. Nb1 c4 44. Na3+ Kc5 45. Nc2 e5 46. Nd4 exd4+ 47. exd4+ Kb5 48. h3 h5 49. h4 Be4 50. Kd2 Kb4 51. Ke3 c3 0-1


[Site "https://www.chess.com"]

[Event "Titled Tuesday Blitz February 28 Early 2023"]
[White "Atanasov, Anthony"]
[Black "Gatterer, Florian"]
[WhiteFideId "2623897"]
[BlackFideId "811688"]
[WhiteElo "2070"]
[BlackElo "2221"]
[Result "1/2-1/2"]
[Round "02"]
[TimeControl "180+2"]
[Date "2023.02.28"]
[WhiteClock "0:00:02"]
[BlackClock "0:01:17"]

1. d4 Nf6 2. Nf3 d5 3. Bf4 c5 4. e3 Nc6 5. Nbd2 Bg4 6. c3 e6 7. Qa4 Bd6 8. Ba6 Bxf4 9. Bxb7 O-O 10. Bxc6 Rb8 11. exf4 cxd4 12. Nxd4 Rxb2 13. h3 Bh5 14. Qa3 Rxd2 15. Kxd2 Ne4+ 16. Ke1 Qh4 17. g3 Nxg3 18. fxg3 Qxg3+ 19. Kd2 Qg2+ 20. Kd3 Qe4+ 21. Kd2 Qg2+ 22. Ke3 Qe4+ 23. Kd2 Qg2+ 1/2-1/2


[Site "https://www.chess.com"]

[Event "Titled Tuesday Blitz February 28 Early 2023"]
[White "Jenkins, Drake"]
[Black "Grieve, Harry"]
[WhiteFideId "2022397"]
[BlackFideId "426520"]
[WhiteElo "2355"]
[BlackElo "2370"]
[Result "0-1"]
[Round "02"]
[TimeControl "180+2"]
[Date "2023.02.28"]
[WhiteClock "0:00:04"]
[BlackClock "0:00:13"]

1. Nf3 f5 2. g3 Nf6 3. Bg2 g6 4. c4 Bg7 5. O-O O-O 6. Nc3 d6 7. Rb1 e5 8. d3 Nc6 9. Bg5 h6 10. Bxf6 Qxf6 11. Nd5 Qf7 12. b4 Be6 13. Nd2 g5 14. b5 Nd8 15. a4 Rb8 16. a5 b6 17. axb6 axb6 18. Ra1 Bxd5 19. Bxd5 Ne6 20. Ra7 Rbc8 21. e3 Kh8 22. Qe2 Qg6 23. Rfa1 g4 24. Bxe6 Qxe6 25. Rb7 h5 26. h4 Rf7 27. Raa7 Qg6 28. Nf1 Bf6 29. Qa2 f4 30. c5 dxc5 31. Rxb6 cxb6 0-1


[Site "https://www.chess.com"]

[Event "Titled Tuesday Blitz February 28 Early 2023"]
[White "Llanos, Guillermo"]
[Black "Roebers, Eline"]
[WhiteFideId "100358"]
[BlackFideId "1058401"]
[WhiteElo "2225"]
[BlackElo "2545"]
[Result "0-1"]
[Round "02"]
[TimeControl "180+2"]
[Date "2023.02.28"]
[WhiteClock "0:00:04"]
[BlackClock "0:00:09"]

1. d4 f5 2. g3 Nf6 3. Bg2 g6 4. c3 Bg7 5. Nh3 d6 6. O-O O-O 7. Qb3+ d5 8. Nf4 e6 9. Nd3 Nbd7 10. Nd2 b6 11. a4 c5 12. Qa3 Ne4 13. e3 Ba6 14. Nf4 Qe7 15. Re1 Ndf6 16. f3 Nd6 17. dxc5 bxc5 18. Qxc5 Rac8 19. Qa3 e5 20. Ne2 Bh6 21. Nf1 Qe6 22. Qb3 Nc4 23. Qd1 Rfd8 24. b3 Na5 25. Bd2 Qb6 26. b4 Nc4 27. a5 Qe6 28. Rb1 Bb5 29. Bc1 Nd6 30. Qb3 Bc4 31. Qb2 Nb5 32. Bd2 Qc6 33. Rbc1 Bd3 34. e4 Bxd2 35. Qxd2 dxe4 36. fxe4 Bxe4 37. Bxe4 Nxe4 38. Qe3 Qc4 39. Rcd1 Nbxc3 40. Nxc3 Qxc3 41. Rxd8+ Rxd8 42. Qxc3 Nxc3 43. Rxe5 Rd1 44. Re7 Rb1 45. Rxa7 Rxb4 46. a6 Ra4 47. Rc7 Nd5 48. Rd7 Nb6 0-1


[Site "https://www.chess.com"]

[Event "Titled Tuesday Blitz February 28 Early 2023"]
[White "Mendez Fortes, Eduardo Jesus"]
[Black "Tiarks, Jann-Christian"]
[WhiteFideId "3502376"]
[BlackFideId "12951595"]
[WhiteElo "2307"]
[BlackElo "2194"]
[Result "1-0"]
[Round "02"]
[TimeControl "180+2"]
[Date "2023.02.28"]
[WhiteClock "0:01:05"]
[BlackClock "0:00:02"]

1. e4 c6 2. d4 d5 3. Nc3 dxe4 4. Nxe4 Nd7 5. Nf3 e6 6. c3 Ngf6 7. Ng3 c5 8. Bb5 a6 9. Bd3 b5 10. a4 b4 11. O-O Bb7 12. Re1 Be7 13. Ne5 Nxe5 14. dxe5 Nd5 15. Nh5 bxc3 16. Nxg7+ Kd7 17. bxc3 Rg8 18. c4 Rxg7 19. cxd5 Bxd5 20. Be4 Ke8 21. Bh6 Rg8 22. Qf3 Bg5 23. Bxg5 Rxg5 24. Rad1 Rc8 25. Bxd5 exd5 26. e6 f6 27. e7 Qd6 28. h4 Re5 29. Rxe5 Qxe5 30. Rxd5 Qxe7 31. Rd3 Kf8 32. Qf5 Rd8 33. Rg3 1-0


[Site "https://www.chess.com"]

[Event "Titled Tuesday Blitz February 28 Early 2023"]
[White "Dragomirescu, Angela"]
[Black "Sarkar, Justin"]
[WhiteFideId "1209914"]
[BlackFideId "2010011"]
[WhiteElo "2171"]
[BlackElo "2189"]
[Result "1-0"]
[Round "02"]
[TimeControl "180+2"]
[Date "2023.02.28"]
[WhiteClock "0:01:42"]
[BlackClock "0:00:01"]

1. e4 e5 2. Nf3 Nc6 3. Bb5 a6 4. Ba4 Nf6 5. O-O Nxe4 6. d4 b5 7. Bb3 d5 8. dxe5 Be6 9. Qe2 Bc5 10. Nbd2 Nxd2 11. Bxd2 O-O 12. c3 Bg4 13. Bf4 Na5 14. Bc2 Bb6 15. Rfe1 Qe7 16. h3 Bh5 17. g4 Bg6 18. Nd4 Bxd4 19. cxd4 c5 20. Qd2 Nc4 21. Qe2 cxd4 22. Bg3 Bxc2 23. Qxc2 1-0


[Site "https://www.chess.com"]

[Event "Titled Tuesday Blitz February 28 Early 2023"]
[White "Matveeva, Olga"]
[Black "Garakov, Mikhael"]
[WhiteFideId "24107018"]
[BlackFideId "4169034"]
[WhiteElo "2056"]
[BlackElo "2347"]
[Result "0-1"]
[Round "02"]
[TimeControl "180+2"]
[Date "2023.02.28"]
[WhiteClock "0:00:10"]
[BlackClock "0:00:07"]

1. d4 Nf6 2. c4 c5 3. d5 e6 4. Nc3 exd5 5. cxd5 d6 6. e4 g6 7. h3 Bg7 8. Nf3 O-O 9. Bd3 Re8 10. O-O c4 11. Bc2 b5 12. Nxb5 Nxe4 13. Re1 a6 14. Nbd4 Nc5 15. Bg5 Qd7 16. Qd2 Bb7 17. Rxe8+ Qxe8 18. Re1 Qc8 19. Qf4 Bxd5 20. Qxd6 Bxf3 21. Nxf3 Nbd7 22. Nd4 Bf8 23. Qd5 Nb6 24. Qf3 Ra7 25. Nc6 Rd7 26. Ne7+ Bxe7 27. Rxe7 Nd3 28. Rxd7 Qxd7 29. Bf6 Qd5 30. Qe2 Qe6 31. Qf3 Nd5 32. Bd4 Ne1 33. Qd1 Nxc2 34. Qxc2 Nf4 35. Qxc4 Qxc4 0-1


[Site "https://www.chess.com"]

[Event "Titled Tuesday Blitz February 28 Early 2023"]
[White "Mesa Cruz, Juan Carlos"]
[Black "Thorhallsson, Simon"]
[WhiteFideId "6423400"]
[BlackFideId "2310090"]
[WhiteElo "2119"]
[BlackElo "2108"]
[Result "0-1"]
[Round "02"]
[TimeControl "180+2"]
[Date "2023.02.28"]
[WhiteClock "0:00:41"]
[BlackClock "0:00:40"]

1. e4 c5 2. Nf3 e6 3. c3 d5 4. exd5 Qxd5 5. Na3 Nf6 6. d4 cxd4 7. Nb5 Na6 8. Qxd4 Qxd4 9. Nfxd4 Be7 10. Bf4 O-O 11. f3 Nd5 12. Bd2 Bd7 13. Bd3 Nc5 14. Bc2 a6 15. Na3 Na4 16. Bxa4 Bxa4 17. Nc4 Rfd8 18. O-O Rac8 19. Ne3 e5 20. Ndf5 Bf8 21. Nxd5 Rxd5 22. Be3 Bd7 23. Ng3 Be6 24. Rfd1 Rcd8 25. Rxd5 Rxd5 26. Kf2 f5 27. f4 exf4 28. Bxf4 Bc5+ 29. Kf3 Rd3+ 30. Ke2 Bc4 31. b3 Rxg3+ 32. bxc4 Rxg2+ 33. Kf3 Rc2 34. Be5 g5 35. h3 h5 36. Rd1 Rf2+ 37. Kg3 h4# 0-1


[Site "https://www.chess.com"]

[Event "Titled Tuesday Blitz February 28 Early 2023"]
[White "Urbina Perez, Juan Antonio"]
[Black "Kovacsy, Barnabas"]
[WhiteFideId "2217368"]
[BlackFideId "769290"]
[WhiteElo "2197"]
[BlackElo "2130"]
[Result "0-1"]
[Round "02"]
[TimeControl "180+2"]
[Date "2023.02.28"]
[WhiteClock "0:00:04"]
[BlackClock "0:00:13"]

1. d4 Nf6 2. Nf3 g6 3. e3 Bg7 4. Be2 O-O 5. O-O d6 6. c4 c5 7. Nc3 b6 8. Rb1 Bb7 9. d5 e5 10. e4 Nbd7 11. a3 Ne8 12. b4 Qe7 13. Bd2 f5 14. Ng5 Nc7 15. Nb5 Nxb5 16. cxb5 Rfe8 17. Ne6 Nf8 18. Nxf8 Rxf8 19. bxc5 dxc5 20. f3 f4 21. Bc3 Qd6 22. a4 g5 23. Bc4 Kf7 24. a5 Ke7 25. a6 Bc8 26. Kh1 Bd7 27. g3 Bf6 28. Rg1 Rg8 29. gxf4 gxf4 30. Qe2 Rg6 31. Rg2 Rag8 32. Rbg1 Bh3 33. Rxg6 Rxg6 34. Qf2 Qd8 35. Rxg6 hxg6 36. Bf1 Bc8 37. Qg1 Qg8 38. Bg2 Kd6 39. Qf1 g5 40. Bh3 g4 41. fxg4 Qg6 42. Qf3 Bh4 43. Kg2 Bg5 44. Kf2 Qh6 45. Kg2 Bd7 46. Be1 Bxb5 47. Qb3 Bd7 48. Bf2 Qg6 49. Qd3 Bf6 50. Kf3 Qh6 51. Kg2 Qg5 52. Kf3 Qg6 53. Qc4 Qg8 54. Be1 Bg5 55. Bf2 Qe8 56. Kg2 Bb5 57. Qa2 Qc8 58. Kh1 Qxa6 59. Qc2 Qa4 60. Qb1 Qc4 61. Bg2 Qd3 62. Qa1 a5 63. Qb2 a4 64. Bg1 a3 65. Qa2 Bc4 66. Qa1 a2 67. Qb2 Qb1 0-1


[Site "https://www.chess.com"]

[Event "Titled Tuesday Blitz February 28 Early 2023"]
[White "Kodinets, Konstantin L."]
[Black "Begunov, Konstantin"]
[WhiteFideId "4122011"]
[BlackFideId "4118510"]
[WhiteElo "2447"]
[BlackElo "2118"]
[Result "1-0"]
[Round "02"]
[TimeControl "180+2"]
[Date "2023.02.28"]
[WhiteClock "0:00:24"]
[BlackClock "0:00:01"]

1. d4 d5 2. Nf3 c6 3. Bf4 Nf6 4. Nbd2 Bf5 5. c4 e6 6. Qb3 Qc8 7. h3 Nbd7 8. e3 Ne4 9. Be2 Be7 10. O-O O-O 11. Rfc1 Nxd2 12. Nxd2 Nf6 13. Bf3 Qd7 14. Bg5 Bg6 15. Qc3 Ne4 16. Bxe4 Bxg5 17. Bxg6 hxg6 18. b4 Bf6 19. a4 Rfe8 20. Nf3 dxc4 21. Qxc4 Qd5 22. Rab1 a6 23. b5 Qxc4 24. Rxc4 cxb5 25. axb5 a5 26. Rc7 b6 27. Rc6 Reb8 28. Ra1 a4 29. Rc4 a3 30. Rc3 Be7 31. Ne5 Bd6 32. Nc6 Rc8 33. Ra2 Kf8 34. e4 f6 35. e5 fxe5 36. dxe5 Bc5 37. Kf1 Ra4 38. Ke2 Rf4 39. f3 Rc7 40. g3 Ra4 41. h4 Rd7 42. f4 Ke8 43. Kf3 Rd1 44. Kg4 Kf7 45. Rxc5 bxc5 46. b6 Rb1 47. b7 c4 48. b8=Q Rxb8 49. Nxb8 c3 50. Nd7 c2 51. Rxc2 a2 52. Rxa2 Rxa2 53. Nc5 Ra3 54. Ne4 Rb3 55. Kg5 Re3 56. Nd6+ Ke7 57. g4 Rg3 58. Ne4 Rg1 59. Nd2 Kf7 60. Nf3 Rg3 61. Nd4 Rg1 62. Nb5 Rg3 63. h5 gxh5 64. Kxh5 Rf3 65. Kg5 Rf1 66. Nd6+ Ke7 67. Nc4 Kf7 68. Ne3 Rf3 69. Ng2 Rf2 70. Nh4 Rf1 71. Ng6 Rg1 72. Nh8+ Kg8 73. Ng6 Kf7 74. Nh4 Rf1 75. f5 exf5 76. gxf5 Re1 77. Ng6 1-0


[Site "https://www.chess.com"]

[Event "Titled Tuesday Blitz February 28 Early 2023"]
[White "Manon-og, Ramon Jr."]
[Black "Lehtosaari, Mauri"]
[WhiteFideId "5200776"]
[BlackFideId "501999"]
[WhiteElo "2343"]
[BlackElo "2523"]
[Result "0-1"]
[Round "02"]
[TimeControl "180+2"]
[Date "2023.02.28"]
[WhiteClock "0:00:01"]
[BlackClock "0:00:18"]

1. e4 c5 2. Nf3 e6 3. d4 cxd4 4. Nxd4 Nc6 5. Nxc6 bxc6 6. c4 Nf6 7. Nc3 e5 8. Be2 Bc5 9. O-O O-O 10. Bg5 h6 11. Bh4 g5 12. Bg3 d6 13. h4 Ne8 14. Bg4 Ng7 15. Bxc8 Rxc8 16. Qg4 Qf6 17. Rad1 Rfd8 18. Rd3 Ne6 19. Rfd1 Kh7 20. hxg5 hxg5 21. Ne2 Kg6 22. Rf3 Qe7 23. Qf5+ Kg7 24. a3 a5 25. Rfd3 Rb8 26. R1d2 Bd4 27. Nxd4 Nxd4 28. Qg4 f6 29. f3 c5 30. f4 exf4 31. Bxf4 Qxe4 32. Rxd4 cxd4 33. Rf2 Re8 34. Qd7+ Re7 35. Qxd6 Rf8 36. Bg3 Qe1+ 37. Rf1 Qe6 0-1


[Site "https://www.chess.com"]

[Event "Titled Tuesday Blitz February 28 Early 2023"]
[White "Ibadov, Dashgyn"]
[Black "Mika, Tomasz"]
[WhiteFideId "24107514"]
[BlackFideId "1132970"]
[WhiteElo "2208"]
[BlackElo "2179"]
[Result "1-0"]
[Round "02"]
[TimeControl "180+2"]
[Date "2023.02.28"]
[WhiteClock "0:01:38"]
[BlackClock "0:01:20"]

1. e4 c6 2. d4 d5 3. Nc3 dxe4 4. Nxe4 Bf5 5. Ng3 Bg6 6. h4 h6 7. Nf3 Nd7 8. h5 Bh7 9. Bd3 Bxd3 10. Qxd3 e6 11. Bd2 Ngf6 12. O-O-O Be7 13. Ne4 O-O 14. g4 Nxg4 15. Rdg1 f5 16. Qb3 fxe4 17. Qxe6+ Kh8 18. Qxg4 Rf7 19. Qxe4 Nf6 20. Qd3 Qd5 21. Ne5 Qxa2 22. Nxf7+ Qxf7 23. Kb1 Nd5 24. Rg6 Bf6 25. Bxh6 gxh6 26. Rxh6+ Kg8 27. Rg1+ Kf8 28. Rh7 Qe6 29. Qg6 Ne7 30. Rh8+ Bxh8 31. Qxe6 1-0


[Site "https://www.chess.com"]